 Dungeon Crawl Stone Soup version 0.17-a0-649-g87edefa (webtiles) character file.

93 namelastname112 the Cudgeler (level 4, -4/40 HPs)
             Began as a Draconian Chaos Knight on Apr 18, 2015.
             Slain by a gnoll
             ... wielding a +0 club
              (7 damage)
             ... on level 2 of the Dungeon.
             The game lasted 00:03:34 (1423 turns).

namelastname112 the Cudgeler (DrCK)                 Turns: 1423, Time: 00:03:34

Health: -4/40      AC:  5    Str: 14    XL:     4   Next: 37%
Magic:  4/4        EV: 12    Int: 18    God:    Xom [.*....]
Gold:   101        SH:  0    Dex: 11    Spells: 0 memorised, 3 levels left

rFire  . . .     SeeInvis .     a - +0 mace (chaos)
rCold  . . .     Clarity  .     (armour unavailable)
rNeg   + . .     SustAb   .     (no shield)
rPois  .         Gourm    .     (helmet restricted)
rElec  .         Spirit   .     (no cloak)
rCorr  .         Warding  .     (no gloves)
rMut   .         Stasis   .     (no boots)
MR     .....                    (no amulet)
Stlth  +.........               (no ring)
                                d - ring of positive energy

@: brilliant, not resistant to hostile enchantments, very unstealthy
A: unfitting armour, cold-blooded, AC +5
a: Renounce Religion


You were on level 2 of the Dungeon.
You worshipped Xom.
You were a plaything of Xom.
You were not hungry.

You visited 1 branch of the dungeon, and saw 3 of its levels.

You collected 101 gold pieces.

Inventory:

Hand weapons
 a - a +0 mace of chaos (weapon)
Jewellery
 d - a ring of positive energy (left hand)
 k - an uncursed ring of fire
Scrolls
 e - a scroll of enchant armour {unknown}
 f - 2 scrolls of amnesia {unknown}
 g - 4 scrolls of identify {unknown}
 i - a scroll of fog {unknown}
 j - a scroll of immolation {unknown}
 m - a scroll of teleportation {unknown}
 n - a scroll of enchant weapon {unknown}
 o - a scroll of magic mapping {unknown}
Comestibles
 c - a bread ration
 h - a meat ration


   Skills:
 + Level 3.8 Fighting
 * Level 4.4 Maces & Flails
 + Level 2.8 Dodging


You had 3 spell levels left.
You didn't know any spells.

Dungeon Overview and Level Annotations

Branches:
Dungeon (3/15)

Altars:
Dithmenos
Gozag
Yredelemnul


Innate Abilities, Weirdness & Mutations

Your plain brown scales are hard (AC +5).
Your body does not fit into most forms of armour.
You are cold-blooded and may be slowed by cold attacks.


Message History

The gnoll hits you but does no damage.
You climb upwards.
There is a stone staircase leading down here.
You completely miss the gnoll. The gnoll misses you.
You completely miss the gnoll.
You tail-slap the gnoll, but do no damage.
The gnoll misses you.
You hit the gnoll but do no damage.
Your tail-slap misses the gnoll.
The gnoll completely misses you.
You hit the gnoll. You freeze the gnoll.
The gnoll is heavily wounded.
The gnoll hits you but does no damage.
You barely miss the gnoll.
The gnoll is heavily wounded.
The gnoll hits you with a club.
* * * LOW HITPOINT WARNING * * *
You closely miss the gnoll. You tail-slap the gnoll.
The gnoll is severely wounded.
The gnoll hits you with a club!
You die...

...# #..........#
#............ ####
#.....###..### #............
###.....#....###............
#.....#..#................
#.....#.#########..#......
#≈....#.....#..###.###....
###≈≈.....###.#.##.....##...
#≈≈≈≈......[#'#.#.8...8.#...
#≈#≈≈.....#@)...#.......#...
≈≈##≈...+#.#.g<......_.......
###
#...#.#.......#.......####
#...#.#......##.8...8.#
####...#.....#...##.....#####
#......###.#.#.##.###.###....
#####......#.#......#...<....
#.####.#.#....#.#........
#......#.###....##...)...


You could see a gnoll.

Vanquished Creatures
  2 adders
  An ooze (D:2)
  4 giant geckos
  2 orcs
  A ball python (D:2)
  8 bats
  3 giant cockroaches
  6 goblins
  8 hobgoblins
  4 kobolds
  2 quokkas
  6 giant newts
  3 jackals (D:1)
  15 rats
65 creatures vanquished.

Notes
Turn   | Place    | Note
--------------------------------------------------------------
     0 | D:1      | namelastname112, the Draconian Chaos Knight, began the quest for the Orb.
     0 | D:1      | Reached XP level 1. HP: 19/19 MP: 1/1
   115 | D:1      | Reached XP level 2. HP: 26/26 MP: 2/2
   152 | D:1      | XOM: harmless Erth miscast
   478 | D:1      | Reached XP level 3. HP: 31/31 MP: 3/3
   615 | D:1      | XOM: colour smoke trail
   669 | D:2      | XOM: silly message
   841 | D:2      | Reached skill level 4 in Maces & Flails
   876 | D:2      | XOM: enchant monster (bad)
   888 | D:2      | Found an opulent altar of Gozag.
  1077 | D:2      | XOM: noise
  1114 | D:3      | Reached XP level 4. HP: 40/40 MP: 4/4
  1211 | D:3      | XOM: chaos cloud
  1295 | D:3      | Found a basalt altar of Yredelemnul.
  1345 | D:3      | Found a shadowy altar of Dithmenos.
  1376 | D:3      | XOM: 5-stop teleportation journey
  1379 | D:3      | XOM: confusion
  1383 | D:3      | HP: 1/40 [gnoll/halberd (15)]
  1423 | D:2      | Slain by a gnoll

Action                   |  1- 3 |  4- 6 || total
-------------------------+-------+-------++-------
Melee: Mace              |   117 |    50 ||   167
  Use: Potion            |       |     2 ||     2
 Stab: Petrifying        |     1 |       ||     1
  Eat: Chunk             |     1 |     1 ||     2
